 Dungeon Crawl Stone Soup version 0.28-a0-850-g09de17f5b5 (webtiles) character file.

Game seed: 7079346658791795014

766 Crownlay the Digger (level 7, -17/36 HPs)
             Began as a Gargoyle Earth Elementalist on Nov 13, 2021.
             Was an Initiate of Vehumet.
             Demolished by an orc warrior (18 damage)
             ... on level 7 of the Dungeon on Nov 14, 2021.
             The game lasted 00:09:57 (5225 turns).

Crownlay the Digger (Gargoyle Earth Elementalist)   Turns: 5225, Time: 00:09:58

Health: -17/36     AC:  6    Str: 12    XL:     7   Next: 82%
Magic:  3/16       EV: 11    Int: 17    God:    Vehumet [......]
Gold:   73         SH:  0    Dex: 10    Spells: 13/19 levels left

rFire   . . .      SeeInvis .   f - +0 short sword (vamp)
rCold   . . .      Faith    .   (no shield)
rNeg    + . .      Spirit   .   b - +0 robe
rPois   ∞          Reflect  .   (no helmet)
rElec   +          Harm     .   (no cloak)
rCorr   .          Rampage  .   (no gloves)
Will    +....                   (no boots)
Stlth   ++........              d - amulet of the acrobat
HPRegen 0.12/turn               m - ring of willpower
MPRegen 0.15/turn               (no ring)

@: no status effects
A: sickness immunity, AC +4, negative energy resistance 1, electricity
resistance, torment resistance 1, petrification resistance
a: Renounce Religion


You were on level 7 of the Dungeon.
You worshipped Vehumet.
Vehumet was noncommittal.
You visited 1 branch of the dungeon, and saw 5 of its levels.

You collected 187 gold pieces.
You spent 114 gold pieces at shops.

Inventory:

Hand Weapons
 f - a +0 vampiric short sword (weapon)
Missiles
 c - 60 stones
Armour
 b - a +0 robe (worn)
Jewellery
 d - an amulet of the acrobat (around neck)
 m - a ring of willpower (left hand)
Scrolls
 g - 3 scrolls of identify
 h - a scroll of enchant armour {unknown}
 j - a scroll of noise {unknown}
 k - a scroll of teleportation {unknown}
 p - a scroll of amnesia {unknown}
Potions
 a - a potion of heal wounds
 i - a potion of resistance {unknown}
 l - 2 potions of haste {unknown}
 n - a potion of mutation {unknown}
 o - a potion of attraction {unknown}


   Skills:
 - Level 1.5 Dodging
 - Level 2.1 Stealth
 * Level 6.6 Spellcasting
 - Level 0.7 Transmutations
 + Level 6.8 Earth Magic


You had 13 spell levels left.
You knew the following spells:

 Your Spells              Type           Power      Damage    Failure   Level
a - Sandblast             Erth           56%        2d13      1%          1
b - Stone Arrow           Conj/Erth      34%        3d9       9%          3
c - Passwall              Tmut/Erth      15%        N/A       3%          2

Your spell library contained the following spells:

 Spells                   Type           Power      Damage    Failure   Level
 Petrify                  Tmut/Erth      18%        N/A       26%         4
 Dazzling Flash           Conj/Hex       10%        N/A       36%         3
 Agony                    Necr           5%         N/A       98%         5
 Silence                  Hex/Air        2%         N/A       98%         5


Dungeon Overview and Level Annotations

Branches:
Dungeon (4/15)
 Temple: D:4-7

Altars:
Vehumet

Shops:
D:3 [[


Innate Abilities, Weirdness & Mutations

You are immune to sickness and miasma.
Your stone body is resilient. (AC +4)
You are immune to poison.
You resist negative energy. (rN+)
You are resistant to electric shocks. (rElec)
You are resistant to unholy torment.
You are immune to petrification.


Message History

Okay, then.
Okay, then.
As you read the scroll of fog, it crumbles to dust.
The scroll dissolves into smoke.
The orc warrior completely misses you.
Casting: Stone Arrow (dangerous; 9% risk of failure)
Confirm with . or Enter, or press ? or * to list all spells.
Aiming: Stone Arrow (dangerous; 9% risk of failure)
Press: ? - help, Shift-Dir - straight line, f/p - orc warrior
Aim: an orc warrior, wielding a +0 halberd and wearing a +0 plate armour (blue smoke, heavily wounded, 68% to hit)
You miscast Stone Arrow.
You are very lightly contaminated with residual magic.
Nothing appears to happen.
The orc warrior barely misses you.
Your magical contamination has completely faded away.
Okay, then.
The orc wizard mumbles some strange words.
The orc wizard flickers and vanishes!
Deactivating autopickup; reactivate with Ctrl-A.
A puff of flame appears from out of thin air!
The puff of flame misses you.
Casting: Stone Arrow (dangerous; 9% risk of failure)
Confirm with . or Enter, or press ? or * to list all spells.
Aiming: Stone Arrow (dangerous; 9% risk of failure)
Press: ? - help, Shift-Dir - straight line, f/p - orc warrior
Aim: an orc warrior, wielding a +0 halberd and wearing a +0 plate armour (heavily wounded, 68% to hit)
The stone arrow hits the orc warrior!
The orc warrior is almost dead.
The orc warrior hits you from afar with a +0 halberd!
* * * LOW HITPOINT WARNING * * *
Casting: Stone Arrow (dangerous; 9% risk of failure)
Confirm with . or Enter, or press ? or * to list all spells.
Aiming: Sandblast (safe; 1% risk of failure)
Press: ? - help, Shift-Dir - straight line, f/p - orc warrior
Aim: an orc warrior, wielding a +0 halberd and wearing a +0 plate armour (almost dead, 81% to hit)
The blast of sand hits the orc warrior but does no damage.
The orc warrior is almost dead.
The orc wizard shouts!
The orc warrior hits you from afar with a +0 halberd!!
Ouch! That really hurt!
You die...

## ##. #.. ##..
#... #... ####
#... ####..#####
#...
##.....@.o.###
##.. ######
##....#####...##
#..
##....###....##
##..o## #..
#............#
##...########.
.............#
##...........
..####...###..#
##.{o....o.. .##
##..# ##..#
##########o ##
#..# #..# ## #
#..# #..# #


You could see an orc warrior and an orc wizard.

Vanquished Creatures
  Joseph (D:7)
  Sigmund (D:3)
  A bullfrog (D:3)
  A hound (D:4)
  Terence (D:3)
  An iguana (D:4)
  3 adders
  4 gnolls (D:4)
  3 worms
  2 dart slugs (D:2)
  7 endoplasms
  5 giant cockroaches
  7 goblins
  9 hobgoblins
  3 jackals (D:2)
  3 quokkas
  5 ball pythons
  4 bats
  6 frilled lizards
  10 kobolds
  11 rats
88 creatures vanquished.

Vanquished Creatures (others)
  22 plants (D:4)
22 creatures vanquished.

Grand Total: 110 creatures vanquished

Notes
Turn   | Place    | Note
-------+----------+-------------------------------------------
     0 | D:1      | Crownlay the Gargoyle Earth Elementalist began the quest
                  | for the Orb.
     0 | D:1      | Reached XP level 1. HP: 10/10 MP: 3/3
   634 | D:1      | Reached XP level 2. HP: 15/15 MP: 5/5
  1203 | D:1      | Found a faded altar of an unknown god.
  1644 | D:2      | Reached XP level 3. HP: 9/19 MP: 7/7
  1648 | D:2      | Learned a level 3 spell: Stone Arrow
  2734 | D:2      | Reached XP level 4. HP: 24/24 MP: 9/9
  2823 | D:3      | Noticed Sigmund
  2828 | D:3      | Killed Sigmund
  2829 | D:3      | Reached skill level 5 in Earth Magic
  2829 | D:3      | Reached XP level 5. HP: 16/28 MP: 4/11
  3127 | D:3      | Reached XP level 6. HP: 29/32 MP: 13/13
  3238 | D:3      | Reached skill level 5 in Spellcasting
  3479 | D:3      | Found Geuwec's Antique Armour Emporium.
  3483 | D:3      | Noticed Terence
  3496 | D:3      | Killed Terence
  3534 | D:3      | Bought a smoking robe for 114 gold pieces
  3534 | D:3      | Identified the +1 robe of Conscience {-Cast rPois Will++
                  | rCorr} (You bought it in a shop on level 3 of the Dungeon)
  3587 | D:3      | Found Dengi's Antique Armour Emporium.
  4286 | D:4      | Found a radiant altar of Vehumet.
  4313 | D:4      | Became a worshipper of Vehumet
  4429 | D:4      | Reached XP level 7. HP: 32/36 MP: 11/15
  4763 | D:4      | You fall into a shaft and drop 3 floors!
  4767 | D:7      | Learned a level 2 spell: Passwall
  4774 | D:7      | Noticed Joseph
  4784 | D:7      | Killed Joseph
  5169 | D:7      | Noticed a two-headed ogre
  5169 | D:7      | Noticed a shadow
  5224 | D:7      | HP: 1/36 [orc warrior (8)]
  5225 | D:7      | Demolished by an orc warrior

Illustrated notes

Levels and vault maps discovered:
D:1:      minmay_arrival_glassed_features, layout_loops_ring,
          basic_ecumenical_altar, hex_tiny
D:2:      layout_basic
D:3:      minmay_recursive_quarters, layout_basic, serial_shops, shop, shop,
          minmay_misc_feat_iff, uniq_sigmund, uniq_terence
D:4:      layout_loops_ring, nicolae_vehumet_radiance, kennysheep_flooded_box,
          serial_bayou_lagoon_a, uniq_eustachio, uniq_ijyb
D:7:      layout_layer_cave, zin_academy, lightli_corner_chamber, uniq_joseph

Skill      XL: |  1  2  3  4  5  6  7 |
---------------+----------------------+-----
Earth Magic    | 4 5 6 |  6.8
Spellcasting   | 3 4 5 6 |  6.6
Dodging        | |  1.5
Stealth        | |  2.1
Transmutations | |  0.7

Action                   |  1- 3 |  4- 6 |  7- 9 || total
-------------------------+-------+-------+-------++-------
Melee: Short sword       |   198 |    94 |       ||   292
 Cast: Sandblast         |    12 |    42 |    16 ||    70
       Stone Arrow       |       |       |     5 ||     5
  Use: Scroll            |       |     2 |     1 ||     3
       Potion            |       |     1 |       ||     1
 Stab: Sleeping          |     3 |     1 |       ||     4
Armor: Robe              |    75 |    47 |       ||   122
Dodge: Dodged            |   154 |    99 |     9 ||   262

Table legend: (Time is in decaauts)
 A = Elapsed time spent in this place.
 B = Non-inter-level travel time spent in this place.
 C = Inter-level travel time spent in this place.
 D = Time resting spent in this place.
 E = Time spent auto-exploring this place.
 F = Levels seen in this place.
 G = Mean time per level.
                   A        B        C        D        E       F      G
               +--------+--------+--------+--------+--------+-----+--------+
         Total |   5258 |   5160 |     98 |      0 |   4367 |   5 | 1051.6 |
       Dungeon |   5258 |   5160 |     98 |      0 |   4367 |   5 | 1051.6 |
               +--------+--------+--------+--------+--------+-----+--------+

Top non-repeatable levels by time:
     D:1: 1480 daAuts
     D:2: 1351 daAuts
     D:3: 1166 daAuts
     D:4: 798 daAuts
     D:7: 461 daAuts
